 Dungeon Crawl Stone Soup version 0.28.0-53-g5a82cb258f (webtiles) character file.

Game seed: 11489903052378941679

4 purpskrrrp the Digger (level 1, -1/15 HPs)
             Began as a Demonspawn Wanderer on June 23, 2022.
             Slain by a jackal (2 damage)
             ... on level 1 of the Dungeon.
             The game lasted 00:01:09 (390 turns).

purpskrrrp the Digger (Demonspawn Wanderer)          Turns: 390, Time: 00:01:10

Health: -1/15      AC:  3    Str: 10    XL:     1   Next: 58%
Magic:  3/3        EV: 11    Int: 18    God:
Gold:   6          SH:  0    Dex:  9    Spells: 4/4 levels left

rFire   . . .      SeeInvis .   a - +0 club
rCold   . . .      Faith    .   (no shield)
rNeg    . . .      Spirit   .   c - +0 robe
rPois   .          Reflect  .   (no helmet)
rElec   .          Harm     .   (no cloak)
rCorr   .          Rampage  .   (no gloves)
Will    .....                   d - +0 pair of boots
Stlth   ++........              (no amulet)
HPRegen 0.05/turn               (no ring)
MPRegen 0.08/turn               (no ring)

@: no status effects
A: no striking features
a: no special abilities


You were on level 1 of the Dungeon.
You visited 1 branch of the dungeon, and saw 1 of its levels.

You collected 6 gold pieces.

Inventory:

Hand Weapons
 a - a +0 club (weapon)
Missiles
 b - 48 stones (quivered)
Armour
 c - a +0 robe (worn)
 d - a +0 pair of boots (worn)
Scrolls
 f - a scroll of identify {unknown}
Potions
 e - a potion of curing {unknown}
 g - a potion of degeneration {unknown}


   Skills:
 + Level 1.0 Fighting
 + Level 1.0 Dodging
 + Level 1.7 Stealth
 + Level 2.2 Spellcasting
 + Level 2.8 Earth Magic
 + Level 1.0 Evocations


You had 4 spell levels left.
You didn't know any spells.
Your spell library contained the following spells:

 Spells                   Type           Power      Damage    Failure   Level
 Sandblast                Erth           24%        2d8       5%          1
 Passwall                 Tmut/Erth      5%         N/A       16%         2
 Freeze                   Ice            4%         1d3       19%         1
 Frozen Ramparts          Ice            2%         1d2       47%         3
 Petrify                  Tmut/Erth      7%         N/A       69%         4


Dungeon Overview and Level Annotations

Branches:
Dungeon (1/15)

Altars:

Shops:
D:1 :


Message History

The jackal moves out of view.
You see here 7 gold pieces.
A hobgoblin comes into view.
Found a chain mail.
The jackal completely misses you.
You hit the jackal but do no damage. The jackal closely misses you.
The jackal bites you.
The jackal bites you but does no damage.
The jackal closely misses you.
You hit the jackal.
The jackal is heavily wounded.
The jackal completely misses you. The jackal bites you.
The jackal barely misses you.
The jackal bites you but does no damage.
You closely miss the jackal.
The jackal is heavily wounded.
The jackal closely misses you.
The jackal bites you but does no damage.
The jackal closely misses you. The jackal completely misses you.
You hit the jackal but do no damage.
The jackal is heavily wounded.
The jackal closely misses you.
The jackal bites you but does no damage.
The jackal bites you. The jackal barely misses you.
You closely miss the jackal.
The jackal is heavily wounded.
The jackal bites you. x2
You closely miss the jackal.
The jackal is heavily wounded.
The jackal bites you but does no damage. x3
The jackal closely misses you.
You hit the jackal.
The jackal is severely wounded.
The jackal closely misses you. The jackal bites you. x2
* * * LOW HITPOINT WARNING * * *
The jackal bites you.
* * * LOW HITPOINT WARNING * * *
You miss the jackal.
The jackal is severely wounded.
The jackal bites you.
You die...

#.# #.# #.# # #.#
#.#.# #.#.#######
#..........
#.#########.#######
#.rh@$.............
......h#######.#######
[.....g #.............
#......
#.####.#########
#......
#[#............#
#......
#.#.##.#.#.###.#
#......
#.#.##..........
#######
#.#.####.#.###.# #.#.#
#.#.....#


You could see 2 jackals, a hobgoblin and a rat.

Vanquished Creatures
  A dart slug (D:1)
  A goblin (D:1)
  A kobold (D:1)
3 creatures vanquished.

Notes
Turn   | Place    | Note
-------+----------+-------------------------------------------
     0 | D:1      | purpskrrrp the Demonspawn Wanderer began the quest for the
                  | Orb.
     0 | D:1      | purpskrrrp set off with the following items: a +0 club, 27
                  | stones, a +0 robe, a +0 pair of boots; and the following
                  | spells available to memorise: Sandblast, Passwall, Freeze,
                  | Frozen Ramparts, Petrify
     0 | D:1      | Reached XP level 1. HP: 15/15 MP: 3/3
    32 | D:1      | Found Hoot Ari's Book Boutique.
   390 | D:1      | Slain by a jackal

Illustrated notes

Levels and vault maps discovered:
D:1:      dpeg_arrival_erosion, layout_basic, basic_ecumenical_altar,
          serial_shops, nicolae_shop_window_shopping

Action                   || total
-------------------------++-------
Melee: Club              ||    17
       Punch             ||     1
Armor: Robe              ||     7
Dodge: Dodged            ||    16
